 Dungeon Crawl Stone Soup version 0.30-a0-279-g4b46babb21 (webtiles) character file.

Game seed: 12850331367049602303

73 koil the Sneak (level 4, -2/21 HPs)
             Began as a Spriggan Enchanter on Oct 17, 2022.
             Slain by a gnoll
             ... wielding a +0 halberd
              (16 damage)
             ... on level 2 of the Dungeon.
             The game lasted 00:05:15 (1563 turns).

koil the Sneak (Spriggan Enchanter)                 Turns: 1563, Time: 00:05:26

Health: -2/21      AC:  2    Str:  4    XL:     4   Next: 8%
Magic:  3/9        EV: 18    Int: 16    God:
Gold:   123        SH:  0    Dex: 17    Spells: 2/9 levels left

rFire   . . .      SeeInvis +    j - +0 dagger (venom)
rCold   . . .      Faith    .    (no shield)
rNeg    + . .      Spirit   .    b - +0 robe
rPois   .          Reflect  .    (helmet restricted)
rElec   .          Harm     .    (no cloak)
rCorr   .          Rampage  .    (gloves unavailable)
Will    .....                    (boots unavailable)
Stlth   +++.......               (no amulet)
HPRegen 0.23/turn                f - ring of positive energy
MPRegen 0.11/turn                (no ring)

@: very slightly contaminated, very quick
A: very small, no large weapons, unfitting armour, see invisible, speed 3
a: no special abilities


You were on level 2 of the Dungeon.
You visited 1 branch of the dungeon, and saw 2 of its levels.

You collected 123 gold pieces.

Inventory:

Hand Weapons
 a - a +1 dagger
 j - a +0 dagger of venom (weapon)
Missiles
 g - 6 poisoned darts (quivered)
Armour
 b - a +0 robe (worn)
Jewellery
 f - a ring of positive energy (left hand)
Scrolls
 d - a scroll of fear {unknown}
 e - 2 scrolls of identify {unknown}
 h - 2 scrolls of enchant armour {unknown}
 i - 2 scrolls of teleportation {unknown}
Potions
 c - 2 potions of invisibility
 k - a potion of brilliance {unknown}


   Skills:
 + Level 0.9 Fighting
 + Level 2.0 Short Blades
 + Level 3.5 Dodging
 + Level 5.1 Stealth
 + Level 3.2 Spellcasting
 + Level 4.1 Hexes
 + Level 0.1 Poison Magic


You had 2 spell levels left.
You knew the following spells:

 Your Spells              Type           Power      Damage    Failure   Level
a - Ensorcelled Hibernat  Hex/Ice        18%        N/A       12%         2
b - Confusing Touch       Hex            15%        N/A       11%         3
c - Poisonous Vapours     Pois/Air       4%         N/A       26%         2

Your spell library contained the following spells:

 Spells                   Type           Power      Damage    Failure   Level
 Sting                    Tmut/Pois      8%         1d3       19%         1
 Tukima's Dance           Hex            15%        N/A       11%         3
 Dazzling Flash           Conj/Hex       18%        N/A       24%         3
 Olgreb's Toxic Radiance  Pois           3%         N/A       86%         4


Dungeon Overview and Level Annotations

Branches:
Dungeon (2/15)

Altars:

Shops:
D:1 =   D:2 *


Innate Abilities, Weirdness & Mutations

You are very small and have problems with some larger weapons.
You are too small for most types of armour.
You have supernaturally acute eyesight. (SInv)
You cover ground extremely quickly. (Speed+++)


Message History

The gnoll shouts!
The gnoll throws a throwing net.
The throwing net closely misses you.
You see here a throwing net.
You barely miss the ball python.
The ball python bites you but does no damage.
The ball python barely misses you.
You closely miss the ball python. The ball python closely misses you.
The ball python barely misses you.
You closely miss the ball python. The ball python closely misses you. x2
You closely miss the ball python. The ball python completely misses you.
The ball python misses you.
You hit the ball python.
The ball python is poisoned.
The ball python is severely wounded.
You kill the ball python!
Casting: Ensorcelled Hibernation (safe; 12% risk of failure)
Confirm with . or Enter, or press ? or * to list all spells.
Aiming: Ensorcelled Hibernation (safe; 12% risk of failure)
Press: ? - help, Shift-Dir - straight line, f - gnoll
Aim: a gnoll, wielding a +0 whip (chance to affect: 51%)
The gnoll resists with significant effort.
The gnoll misses you.
The gnoll hits you from afar with a +0 halberd.
Casting: Ensorcelled Hibernation (safe; 12% risk of failure)
Confirm with . or Enter, or press ? or * to list all spells.
Aiming: Ensorcelled Hibernation (safe; 12% risk of failure)
Press: ? - help, Shift-Dir - straight line, f/p - gnoll
Aim: a gnoll, wielding a +0 whip (chance to affect: 51%)
You miscast Ensorcelled Hibernation.
You are very lightly contaminated with residual magic.
Nothing appears to happen.
The gnoll misses you. x2
Casting: Ensorcelled Hibernation (safe; 12% risk of failure)
Confirm with . or Enter, or press ? or * to list all spells.
Aiming: Ensorcelled Hibernation (safe; 12% risk of failure)
Press: ? - help, Shift-Dir - straight line, f/p - gnoll
Aim: a gnoll, wielding a +0 whip (chance to affect: 51%)
You miscast Ensorcelled Hibernation.
Nothing appears to happen.
The gnoll hits you with a +0 whip.
The gnoll hits you from afar with a +0 halberd!
Ouch! That really hurt!
You die...

..#.......# .##.⌠.⌠.⌠.# ##
##.....## .##..)....# .. ##.#
#.# #.........# ###..)....#
#.# #..l......# ###.⌠.⌠.⌠.#
#.# #.........#
.##.......#####.## #.........#
..#########..##.$###g........#
#.#.............@gggS.......##
#...#########..#####l........#
...###### ##..# #.........#
........# ##.####....?....#
........# #....#.........#
........# ##..............#
........# #..............##
..)...... #.......#.....##
......... ...........#######


You could see 4 gnolls, a ball python and a frilled lizard.

Vanquished Creatures
  A gnoll (D:1)
  An adder (D:2)
  2 worms (D:2)
  A dart slug (D:1)
  4 ball pythons
  8 endoplasms
  5 hobgoblins
  2 jackals (D:1)
  4 kobolds
  A quokka (D:1)
  3 bats
  5 frilled lizards
  5 goblins (D:2)
  A rat (D:1)
43 creatures vanquished.

Notes
Turn   | Place    | Note
-------+----------+-------------------------------------------
     0 | D:1      | koil the Spriggan Enchanter began the quest for the Orb.
     0 | D:1      | Reached XP level 1. HP: 9/9 MP: 5/5
   323 | D:1      | Reached XP level 2. HP: 14/14 MP: 6/6
   326 | D:1      | Learned a level 2 spell: Ensorcelled Hibernation
   529 | D:1      | Found Kuren's One-of-a-Kind Rings.
   599 | D:1      | Reached XP level 3. HP: 17/17 MP: 8/8
  1068 | D:2      | Found Veavosm's Assorted Antiques.
  1202 | D:2      | Reached skill level 5 in Stealth
  1206 | D:2      | Learned a level 3 spell: Confusing Touch
  1209 | D:2      | Learned a level 2 spell: Poisonous Vapours
  1363 | D:2      | Found a faded altar of an unknown god.
  1500 | D:2      | Reached XP level 4. HP: 20/21 MP: 9/9
  1563 | D:2      | Slain by a gnoll

Illustrated notes

Levels and vault maps discovered:
D:1:      minmay_arrival_three_doors, layout_loops_ring,
          nicolae_shop_unique_rings
D:2:      layout_rooms, serial_shops, nicolae_shop_hallway_plus,
          ebering_ecumenical_altar_abandoned, minmay_misc_feat_secret_circle,
          grunt_ministairs_3

Skill      XL: |  1  2  3 |
---------------+----------+-----
Dodging        | 3 |  3.5
Spellcasting   | 3 |  3.2
Hexes          | 4 |  4.1
Stealth        | 5 |  5.1
Short Blades   | 2 |  2.0
Fighting       | |  0.9
Poison Magic   | |  0.1

Action                   |  1- 3 |  4- 6 || total
-------------------------+-------+-------++-------
Melee: Dagger            |   119 |     7 ||   126
       Punch             |     1 |       ||     1
Throw: Dart              |    13 |       ||    13
 Cast: Ensorcelled Hiber |     4 |     1 ||     5
 Stab: Sleeping          |    13 |     2 ||    15
Armor: Robe              |     6 |     1 ||     7
Dodge: Dodged            |    78 |    13 ||    91

Table legend: (Time is in decaauts)
 A = Elapsed time spent in this place.
 B = Non-inter-level travel time spent in this place.
 C = Inter-level travel time spent in this place.
 D = Time resting spent in this place.
 E = Time spent auto-exploring this place.
 F = Levels seen in this place.
 G = Mean time per level.
                   A        B        C        D        E       F      G
               +--------+--------+--------+--------+--------+-----+--------+
         Total |   1088 |   1070 |     18 |      0 |    741 |   2 |  544.0 |
       Dungeon |   1088 |   1070 |     18 |      0 |    741 |   2 |  544.0 |
               +--------+--------+--------+--------+--------+-----+--------+

Top non-repeatable levels by time:
     D:1: 683 daAuts
     D:2: 404 daAuts
